 Dungeon Crawl Stone Soup version 0.32-a0-699-g1ee5eff69a (webtiles) character file.

Game seed: 12298946161597341213

1763 seren the Ruffian (level 9, -18/58 HPs)
             Began as an Octopode Shapeshifter on Mar 13, 2024.
             Killed from afar by an acid dragon (35 damage)
             ... with a splash of acid
             ... on level 8 of the Dungeon.
             The game lasted 00:12:06 (6440 turns).

seren the Ruffian (Octopode Shapeshifter)           Turns: 6440, Time: 00:12:06

Health: -18/58     AC:  1    Str: 15    XL:     9   Next: 7%
Magic:  9/9        EV: 13    Int: 13    God:
Gold:   416        SH:  0    Dex: 13    Spells: 8/8 levels left

rFire   . .          .
                       - Unarmed
rCold   . . .        (no shield)
rNeg    . . .        (helmet currently unavailable)
rPois   .            (no amulet)
rElec   .            (no ring)
rCorr   .            (no ring)
SInv    .            (no ring)
Will    .....        (no ring)
Stlth   ++++         (no ring)
HPRegen 0.29/turn    (no ring)
MPRegen 0.11/turn    (no ring)
                     (no ring)

%: no passive effects
@: mighty, beast-form
A: beast (slay +3), almost no armour, amphibious, 8 rings, camouflage 1,
gelatinous body 1, (nimble swimmer 1), tentacles
a: Begin Untransformation


You were on level 8 of the Dungeon.
You were a hulking beast.
You visited 2 branches of the dungeon, and saw 9 of its levels.

You collected 416 gold pieces.

Inventory:

Missiles
 e - 48 stones (quivered)
 f - 19 poisoned darts
 n - 2 boomerangs
 u - 6 javelins
Jewellery
 y - the ring "Xoyzuymp" {Ice MP+9 Dex+3}
   (You found it on level 7 of the Dungeon)

   [ring of ice]

   Ice:       It enhances your ice magic.
   Dex+3:     It affects your dexterity (+3).
   rF-:       It makes you vulnerable to fire.
   rC+:       It protects you from cold.
   MP+9:      It affects your magic capacity (+9).
Talismans
 b - a beast talisman (active)
 c - a flux talisman
Wands
 s - a wand of acid (11)
 A - a wand of mindburst (17)
Scrolls
 d - 4 scrolls of teleportation {!r}
 i - a scroll of vulnerability
 j - a scroll of amnesia {unknown}
 l - a scroll of immolation {unknown}
 p - a scroll of enchant armour {unknown}
 q - 2 scrolls of enchant weapon {unknown}
 r - 3 scrolls of fog {unknown}
 v - 2 scrolls of fear {unknown}
 x - a scroll of blinking {unknown}
 B - a scroll of torment {unknown}
Potions
 a - 4 potions of lignification
 g - 2 potions of haste {unknown}
 k - 8 potions of curing
 m - 2 potions of mutation {!q}
 o - a potion of invisibility
 t - a potion of heal wounds {unknown}
 w - 3 potions of attraction
 z - a potion of berserk rage {unknown}


   Skills:
 + Level 3.9 Fighting
 + Level 4.4 Dodging
 + Level 5.3 Stealth
 * Level 6.2 Unarmed Combat
 * Level 4.6 Evocations
 * Level 5.9 Shapeshifting


You had 8 spell levels left.
You didn't know any spells.
Your spell library contained the following spells:

 Spells                   Type           Power      Damage    Failure   Level
 Gell's Gravitas          Tloc           0%         N/A       67%         3
 Teleport Other           Tloc           0%         N/A       67%         3
 Dispersal                Tloc           0%         N/A       100%        6


Dungeon Overview and Level Annotations

Branches:
Dungeon (8/15)             Temple (1/1) D:4
   Lair: D:8-11

Altars:
Ashenzari
Cheibriados
Dithmenos
Elyvilon
Fedhas
Hepliaklqana
Kikubaaqudgha
Makhleb
Nemelex Xobeh
Okawaru
Qazlal
Ru
Sif Muna
Trog
Uskayaw
Vehumet
Wu Jian
Xom
Zin
The Shining One

Shops:
D:2 *

Annotations:
D:3 1 runed translucent door, Crazy Yiuf
D:5 exclusion: steam dragon
D:8 3 runed translucent doors, Torious's ghost, novice DECj


Innate Abilities, Weirdness & Mutations

You are a hulking beast.
Your limbs bulge with bestial killing power. (Slay +3)
You cannot wear most types of armour.
You are amphibious.
You can wear up to eight rings at the same time.
Your skin changes colour to match your surroundings (Stealth+).
Your rubbery body absorbs attacks. (AC +1, EV +1)
((You are camouflaged when in or above water. (Stealth+)))
You have tentacles for arms and can constrict up to eight enemies at once.


Message History

There is a stone staircase leading down here.
You climb downwards.
Level annotation: 3 runed translucent doors, Torious's ghost, novice DECj
Found 11 gold pieces.
There is a stone staircase leading up here.
The helpless acid dragon fails to defend itself.
You tentacle-slap the acid dragon. You squeeze the acid dragon.
The acid dragon is moderately wounded.
The acid dragon closely misses you. The acid dragon claws you.
You closely miss the acid dragon. Your squeeze misses the acid dragon.
The acid dragon is moderately wounded.
The acid dragon spits acid at you. The splash of acid hits you!
* * * LOW HITPOINT WARNING * * *
You hear a shout! x5
You tentacle-slap the acid dragon.
The acid dragon is heavily wounded.
You hear a shout!
The acid dragon bites you!
* * * LOW HITPOINT WARNING * * *
The acid dragon claws you.
* * * LOW HITPOINT WARNING * * *
You barely miss the acid dragon.
The acid dragon is heavily wounded.
The acid dragon bites you.
* * * LOW HITPOINT WARNING * * *
The acid dragon claws you.
* * * LOW HITPOINT WARNING * * *
You feel very mighty all of a sudden. The acid dragon spits acid at you.
The splash of acid misses you.
You tentacle-slap the acid dragon. Your squeeze misses the acid dragon.
The acid dragon is severely wounded.
The acid dragon misses you. x2
You completely miss the acid dragon.
The acid dragon is severely wounded.
The acid dragon spits acid at you. The splash of acid hits you!!
Ouch! That really hurt!
You die...

.... #... #### #..#
###... # ....# .. #...#
### #...## # ###.###
##..D.#.# #......
####+#..h....# #......
..........#..# #......
..$....<..#..# #......
..........#.... #......
..........##.#.####......
.#####....##.......<.....
....................
.#.##.####?#....#+###
#.#. .. ...###....#


You could see an acid dragon (catching breath).

Vanquished Creatures
  A steam dragon (D:7)
  A water moccasin (D:6)
  A sky beast (D:6)
  A black bear (D:8)
  2 ice beasts (D:5)
  An ogre (D:6)
  A kobold brigand (D:5)
  2 bullfrogs
  3 scorpions
  A water moccasin zombie (D:5)
  A howler monkey (D:5)
  A jelly (D:5)
  A bombardier beetle (D:5)
  An orc priest (D:3)
  A hound (D:6)
  4 sleepcaps
  3 iguanas
  2 orc wizards (D:8)
  A killer bee zombie (D:5)
  4 gnolls
  9 adders
  3 white imps
  3 dart slugs
  7 ribbon worms
  4 orcs
  6 ball pythons
  10 bats
  8 endoplasms
  3 giant cockroaches
  7 goblins
  9 hobgoblins
  2 jackals (D:4)
  2 quokkas (D:1)
  2 frilled lizards
  9 kobolds
  12 rats
129 creatures vanquished.

Vanquished Creatures (others)
  2 ogres (D:5)
  A bombardier beetle (D:5)
  A quokka (D:5)
4 creatures vanquished.

Grand Total: 133 creatures vanquished

Notes
Turn   | Place    | Note
-------+----------+-------------------------------------------
     0 | D:1      | seren the Octopode Shapeshifter began the quest for the
                  | Orb.
     0 | D:1      | Reached XP level 1. HP: 13/13 MP: 1/1
   200 | D:1      | Reached XP level 2. HP: 8/18 MP: 2/2
   359 | D:1      | Reached skill level 1 in Stealth
   364 | D:1      | Reached XP level 3. HP: 23/23 MP: 3/3
   635 | D:1      | Found a faded altar of an unknown god.
   997 | D:2      | Reached XP level 4. HP: 28/28 MP: 4/4
  1172 | D:2      | Found Areolabo's Assorted Antiques.
  1629 | D:3      | Reached XP level 5. HP: 12/34 MP: 5/5
  2113 | D:3      | Reached skill level 4 in Unarmed Combat
  2426 | D:3      | Found a runed translucent door.
  2427 | D:3      | Noticed Crazy Yiuf
  2471 | D:4      | Found a sacrificial altar of Ru.
  2671 | D:4      | Reached XP level 6. HP: 31/39 MP: 6/6
  3188 | D:4      | Found a staircase to the Ecumenical Temple.
  3197 | Temple   | Entered the Ecumenical Temple
  3246 | D:5      | Entered Level 5 of the Dungeon
  3290 | D:5      | Reached skill level 1 in Evocations
  3295 | D:5      | Reached XP level 7. HP: 23/45 MP: 7/7
  3606 | D:5      | Noticed a steam dragon
  3704 | D:5      | Reached skill level 5 in Unarmed Combat
  3925 | D:5      | Found a shimmering altar of Xom.
  4218 | D:5      | Found a blossoming altar of Fedhas.
  4221 | D:5      | Found a white marble altar of Elyvilon.
  4223 | D:5      | Found a bloodstained altar of Trog.
  4223 | D:5      | Found a sparkling altar of Nemelex Xobeh.
  4224 | D:5      | Found an ancient bone altar of Kikubaaqudgha.
  4224 | D:5      | Found a hazy altar of Hepliaklqana.
  4224 | D:5      | Found a broken altar of Ashenzari.
  4547 | D:5      | Reached skill level 5 in Shapeshifting
  4547 | D:5      | Reached XP level 8. HP: 26/52 MP: 8/8
  5564 | D:7      | Identified the ring "Xoyzuymp" {Ice MP+9 Dex+3}
  5725 | D:7      | Found a shadowy altar of Dithmenos.
  5750 | D:7      | Reached skill level 5 in Stealth
  5750 | D:7      | Reached skill level 6 in Unarmed Combat
  6080 | D:7      | Identified the +3 scale mail of the Platytaur {rC+ rCorr
                  | Dex+4}
  6212 | D:8      | Noticed Torious's ghost (novice DECj)
  6212 | D:8      | Found a runed translucent gate.
  6212 | D:8      | Found a runed translucent gate.
  6212 | D:8      | Found a runed translucent gate.
  6283 | D:8      | Reached XP level 9. HP: 54/58 MP: 9/9
  6440 | D:8      | Killed from afar by an acid dragon

Illustrated notes

Levels and vault maps discovered:
D:1:      dpeg_arrival_morbid_curiosity, layout_loops_ring,
          shapermc_ecumenical_altar_acropolis, chequers_avenue
D:2:      layout_rooms, serial_shops, shop
D:3:      layout_basic, uniq_crazy_yiuf_cottage
D:4:      layout_loops_ring, nicolae_ru_great_annihilating_truth,
          lemuel_temple_firewalk_a
D:5:      layout_loops_ring, xom_confusion_cloud,
          lemuel_zombie_altar_yredelemnul, grunt_temple_overflow_open,
          kennysheep_generic_room_6
D:6:      layout_cave_pools
D:7:      layout_cave_pools, mainiacjoe_overflow_six_doors_small
D:8:      layout_basic, ebering_ghost_rock_garden, serial_shops, shop,
          minmay_stone_trees_small, nicolae_looking_at_the_future
Temple:   hellmonk_temple_beads

Skill      XL: |  1  2  3  4  5  6  7  8 |
---------------+-------------------------+-----
Stealth        | 1 2 3 4 5 |  5.3
Unarmed Combat | 4 5 6 |  6.2
Shapeshifting  | 4 5 |  5.9
Fighting       | 2 3 |  3.9
Dodging        | 3 4 |  4.4
Evocations     | 1 2 4 |  4.6

Action                     |  1- 3 |  4- 6 |  7- 9 || total
---------------------------+-------+-------+-------++-------
  Melee: Unarmed           |    45 |   181 |   120 ||   346
         Tentacles         |    11 |    56 |    32 ||    99
         Constrict         |    14 |    33 |    26 ||    73
         Punch             |       |     4 |     4 ||     8
  Throw: Stone             |    18 |       |       ||    18
         Boomerang         |       |       |     4 ||     4
         Dart              |       |       |     3 ||     3
  Evoke: Wand              |       |       |     1 ||     1
    Use: Scroll            |       |       |     7 ||     7
         Potion            |       |       |     1 ||     1
   Stab: Sleeping          |     9 |    13 |     5 ||    27
         Paralysed         |       |     1 |       ||     1
 Armour: Skin              |    28 |    44 |    63 ||   135
  Dodge: Dodged            |    15 |    39 |    68 ||   122

Table legend: (Time is in decaauts)
 A = Elapsed time spent in this place.
 B = Non-inter-level travel time spent in this place.
 C = Inter-level travel time spent in this place.
 D = Time resting spent in this place.
 E = Time spent auto-exploring this place.
 F = Levels seen in this place.
 G = Mean time per level.
                   A        B        C        D        E       F      G
               +--------+--------+--------+--------+--------+-----+--------+
         Total |   6414 |   6109 |    305 |   1120 |   3513 |   9 |  712.7 |
       Dungeon |   6412 |   6107 |    305 |   1120 |   3513 |   8 |  801.5 |
        Temple |      1 |      1 |      0 |      0 |      0 |   1 |    1.0 |
               +--------+--------+--------+--------+--------+-----+--------+

Top non-repeatable levels by time:
     D:5: 1477 daAuts
     D:3: 998 daAuts
     D:1: 899 daAuts
     D:4: 872 daAuts
     D:7: 813 daAuts
     D:6: 737 daAuts
     D:2: 549 daAuts
     D:8: 63 daAuts
  Temple: 1 daAuts
